 Dungeon Crawl Stone Soup version 0.29.1-15-g9cfb28693d (webtiles) character file.

Game seed: 8786683250505208846

522 Peloso the Slasher (level 7, 0/55 (60) HPs)
             Began as a Minotaur Fighter on Apr 15, 2023.
             Slain by a phantom (3 damage)
             ... on level 5 of the Dungeon.
             The game lasted 00:07:44 (4216 turns).

Peloso the Slasher (Minotaur Fighter)               Turns: 4216, Time: 00:07:44

HP:   0/55 (60)     AC:  8    Str: 21    XL:     7   Next: 2%
MP:   6/6           EV:  8    Int:  5    God:
Gold: 204           SH:  9    Dex: 11    Spells: 6/6 levels left

rFire   + . .      SeeInvis .   a - +0 long sword
rCold   . . .      Faith    .   d - +0 kite shield
rNeg    . . .      Spirit   .   b - +0 scale mail
rPois   .          Reflect  .   (helmet restricted)
rElec   .          Harm     .   (no cloak)
rCorr   .          Rampage  .   c - +0 pair of gloves
Will    .....                   (no boots)
Stlth   ..........              (no amulet)
HPRegen 0.18/turn               h - ring of protection from fire
MPRegen 0.10/turn               (no ring)

@: about to teleport, drained
A: horns 2, retaliatory headbutt
a: no special abilities


You were on level 5 of the Dungeon.
You visited 1 branch of the dungeon, and saw 5 of its levels.

You collected 204 gold pieces.

Inventory:

Hand Weapons
 a - a +0 long sword (weapon)
Armour
 b - a +0 scale mail (worn)
 c - a +0 pair of gloves (worn)
 d - a +0 kite shield (worn)
Jewellery
 h - a ring of protection from fire (left hand)
Wands
 n - a wand of light (10)
Scrolls
 e - 2 scrolls of blinking {unknown}
 f - a scroll of summoning
 g - a scroll of teleportation
 k - a scroll of enchant weapon
 m - a scroll of fear {unknown}
 q - a scroll of noise {unknown}
 s - a scroll of immolation {unknown}
 t - a scroll of torment {unknown}
 v - a scroll of identify
Potions
 i - 4 potions of might
 j - a potion of flight
 l - 3 potions of brilliance
 p - a potion of attraction {unknown}
 r - a potion of mutation
 u - a potion of heal wounds {unknown}


   Skills:
 + Level 4.6 Fighting
 + Level 6.3 Long Blades
 + Level 5.2 Armour
 + Level 1.9 Dodging
 + Level 5.3 Shields


You had 6 spell levels left.
You didn't know any spells.
Your spell library was empty.

Dungeon Overview and Level Annotations

Branches:
Dungeon (5/15)
 Temple: D:4-7

Altars:
Fedhas
Gozag
Ru
Vehumet

Shops:
D:2 ([

Annotations:
D:4 exclusion: statue
D:5 Dowan, Duvessa


Innate Abilities, Weirdness & Mutations

You have a pair of horns on your head.
You reflexively headbutt those who attack you in melee.


Message History

The phantom hits you. You block Duvessa's attack.
Unknown command.
You slash Duvessa!
Duvessa is moderately wounded.
Duvessa is no longer moving quickly.
Duvessa barely misses you. You block the phantom's attack.
You block Duvessa's attack.
The phantom hits you but does no damage.
Dowan smirks and points a slender finger.
You barely miss Duvessa.
Duvessa is moderately wounded.
Duvessa hits you with a +5 short sword of draining!
You feel drained. The phantom hits you.
You barely miss Duvessa.
Duvessa is moderately wounded.
Duvessa hits you with a +5 short sword of draining.
* * * LOW HITPOINT WARNING * * *
You feel drained.
* * * LOW HITPOINT WARNING * * *
You block the phantom's attack.
Duvessa hits you with a +5 short sword of draining.
* * * LOW HITPOINT WARNING * * *
You feel drained.
* * * LOW HITPOINT WARNING * * *
You feel better. The phantom hits you.
Dowan gestures wildly while chanting.
Dowan blinks!
Duvessa hits you with a +5 short sword of draining!
* * * LOW HITPOINT WARNING * * *
You feel drained.
* * * LOW HITPOINT WARNING * * *
As you read the scroll of teleportation, it crumbles to dust.
You feel strangely unstable. The phantom hits you.
* * * LOW HITPOINT WARNING * * *
The phantom blinks!
You blink.
You feel better. The phantom hits you.
* * * LOW HITPOINT WARNING * * *
The phantom blinks!
You blink.
Unknown command.
You closely miss the phantom. The phantom hits you.
You die...

...##################
....................#
...####.###########<#
#.W@..§# #.# ######§#
#.# #.# #.# #e# #.#
#e# #.# #†## #.# #)§#
#.# ##§# .. .. #§#


You could see a phantom.

Vanquished Creatures
  A gnoll sergeant (D:3)
  A howler monkey (D:4)
  2 jellies (D:4)
  An orc priest (D:4)
  An iguana (D:5)
  Natasha (thrice) (D:3)
  An orc wizard (D:5)
  5 gnolls (D:3)
  4 adders
  An ufetubus (D:3)
  5 worms
  4 dart slugs
  8 orcs
  10 ball pythons
  3 endoplasms
  7 giant cockroaches
  8 goblins
  9 hobgoblins
  3 jackals (D:2)
  6 quokkas
  2 bats (D:1)
  5 frilled lizards
  9 kobolds
  7 rats
106 creatures vanquished.

Vanquished Creatures (others)
  An orc wizard (D:4)
  2 fungi (D:5)
3 creatures vanquished.

Grand Total: 109 creatures vanquished

Notes
Turn   | Place    | Note
-------+----------+-------------------------------------------
     0 | D:1      | Peloso the Minotaur Fighter began the quest for the Orb.
     0 | D:1      | Reached XP level 1. HP: 19/19 MP: 0/0
   152 | D:1      | Reached XP level 2. HP: 19/27 MP: 1/1
   412 | D:1      | Found a faded altar of an unknown god.
   886 | D:2      | Reached skill level 3 in Long Blades
   886 | D:2      | Reached XP level 3. HP: 33/33 MP: 2/2
  1003 | D:2      | Found Reuk's Armour Boutique.
  1159 | D:2      | Found Nisue's Antique Weapon Shop.
  1193 | D:2      | Reached skill level 1 in Dodging
  1394 | D:2      | Reached XP level 4. HP: 36/40 MP: 3/3
  1922 | D:3      | Noticed a gnoll sergeant
  1937 | D:3      | Killed a gnoll sergeant
  1938 | D:3      | Reached skill level 4 in Long Blades
  1938 | D:3      | Reached XP level 5. HP: 19/46 MP: 4/4
  2556 | D:3      | Noticed Natasha
  2565 | D:3      | Killed Natasha
  2571 | D:3      | Reached skill level 5 in Long Blades
  2682 | D:3      | Noticed Natasha
  2690 | D:3      | Killed Natasha
  2691 | D:3      | Reached XP level 6. HP: 46/53 MP: 5/5
  2739 | D:3      | Noticed Natasha
  2745 | D:3      | Killed Natasha
  3015 | D:4      | Reached skill level 5 in Shields
  3122 | D:4      | Found a sacrificial altar of Ru.
  3195 | D:4      | Found an opulent altar of Gozag.
  3236 | D:4      | Reached skill level 5 in Armour
  3522 | D:4      | Found a radiant altar of Vehumet.
  3578 | D:4      | Reached skill level 6 in Long Blades
  3820 | D:5      | Entered Level 5 of the Dungeon
  3893 | D:5      | Found a blossoming altar of Fedhas.
  4158 | D:5      | Noticed Duvessa
  4160 | D:5      | Noticed Dowan
  4163 | D:5      | Reached XP level 7. HP: 59/60 MP: 6/6
  4216 | D:5      | Slain by a phantom

Illustrated notes

Levels and vault maps discovered:
D:1:      spicycebolla_green_bress_n_ham_2, layout_basic,
          ebering_ecumenical_altar_rust
D:2:      layout_loops_ring, serial_shops, nicolae_shop_advertising_works
          [nicolae_subvault_shop_adworks], nicolae_square_shop
D:3:      layout_loops_ring, uniq_natasha
D:4:      layout_rooms, lemuel_crystal_altar, mainiacjoe_overflow_catwalk,
          vehumet_statue
D:5:      layout_loops_ring, mainiacjoe_overflow_alcove_4, st_stairs_13,
          minivault_5, uniq_duvessa

Skill      XL: |  1  2  3  4  5  6 |
---------------+-------------------+-----
Armour         | 4 5 |  5.2
Long Blades    | 3 4 5 6 |  6.3
Fighting       | 4 |  4.6
Dodging        | 1 |  1.9
Shields        | 4 5 |  5.3

Action                   |  1- 3 |  4- 6 |  7- 9 || total
-------------------------+-------+-------+-------++-------
Melee: Long sword        |   114 |   176 |    13 ||   303
       Headbutt          |    12 |    35 |     1 ||    48
  Use: Scroll            |     2 |     4 |     1 ||     7
       Potion            |     2 |       |     2 ||     4
Armor: Scale mail        |    62 |    60 |    13 ||   135
Dodge: Dodged            |    52 |    57 |    12 ||   121
Block: Buckler           |    20 |       |       ||    20
       Kite shield       |    31 |    77 |    14 ||   122
